 Dungeon Crawl Stone Soup version 0.22-a0-772-gac08f70 (webtiles) character file.

67 Amnesiac the Digger (level 4, 24/30 HPs)
             Began as a Demonspawn Earth Elementalist on July 17, 2018.
             Quit the game on level 4 of the Dungeon.
             The game lasted 00:01:44 (922 turns).

Amnesiac the Digger (Demonspawn Earth Elementalist)  Turns: 922, Time: 00:01:45

Health: 24/30      AC:  2    Str:  8    XL:     4   Next: 0%
Magic:  7/7        EV: 12    Int: 15    God:
Gold:   48         SH:  0    Dex:  9    Spells: 5/8 levels left

rFire    . . .     SeeInvis .   g - +0 dagger
rCold    . . .     Gourm    .   (no shield)
rNeg     . . .     Faith    .   c - +0 robe
rPois    .         Spirit   .   (no helmet)
rElec    .         Reflect  .   (no cloak)
rCorr    .         Harm     +   (no gloves)
MR       .....                  (no boots)
Stlth    ++........             i - amulet of harm
HPRegen  0.10/turn              e - -4 ring of dexterity (curse)
MPRegen  0.10/turn              a - -3 ring of intelligence (curse)

@: no status effects
A: claws 1, sturdy frame 1
a: no special abilities


You were on level 4 of the Dungeon.
You were hungry.

You visited 1 branch of the dungeon, and saw 4 of its levels.

You collected 48 gold pieces.

Inventory:

Hand Weapons
 g - a +0 dagger (weapon)
Missiles
 b - 37 stones (quivered)
Armour
 c - a +0 robe (worn)
Jewellery
 a - a cursed -3 ring of intelligence (right claw)
 e - a cursed -4 ring of dexterity (left claw)
 i - an amulet of harm (around neck)
Potions
 h - a potion of mutation {!q, unknown}
 j - 2 potions of haste {!q, unknown}
Comestibles
 d - 3 rations


   Skills:
 + Level 0.0 Short Blades
 - Level 2.4 Dodging
 - Level 2.0 Stealth
 + Level 2.5 Spellcasting
 - Level 0.8 Transmutations
 * Level 3.6 Earth Magic


You had 5 spell levels left.
You knew the following spells:

 Your Spells              Type           Power        Failure   Level  Hunger
a - Sandblast             Erth           ##....       4%          1    #......
b - Passwall              Tmut/Erth      #.......     13%         2    ###....

Your spell library contained the following spells:

 Spells                   Type           Power        Failure   Level  Hunger
 Stone Arrow              Conj/Erth      #.....       30%         3    ###....
 Lee's Rapid Deconstruct  Erth           ##........   78%         5    ######.
 Petrify                  Tmut/Erth      #.......     63%         4    #####..


Dungeon Overview and Level Annotations

Branches:
Dungeon (4/15)
 Temple: D:4-7

Altars:
The Shining One

Annotations:
D:3 2 transporters


Innate Abilities, Weirdness & Mutations

You have sharp fingernails.
Your movements are slightly less encumbered by armour. (ER -2)


Message History

Aim: an orc, wielding a dagger and wearing a ring mail (almost dead)
The blast of sand hits the orc.
You kill the orc!
b - 37 stones
Casting: Sandblast (safe; 4% risk of failure)
Confirm with . or Enter, or press ? or * to list all spells.
You don't have enough magic to cast that spell.
Casting: Sandblast (safe; 4% risk of failure)
Confirm with . or Enter, or press ? or * to list all spells.
You don't have enough magic to cast that spell.
You closely miss the frilled lizard. The frilled lizard misses you.
You closely miss the frilled lizard.
The frilled lizard bites you but does no damage.
Casting: Sandblast (safe; 4% risk of failure)
Confirm with . or Enter, or press ? or * to list all spells.
You don't have enough magic to cast that spell.
You barely miss the frilled lizard. The frilled lizard bites you.
* * * LOW HITPOINT WARNING * * *
You hit the frilled lizard.
You kill the frilled lizard!
Things that are here:
a dagger; a ring mail There isn't anything to butcher here.
There isn't anything to butcher here.
There isn't anything to butcher here.
You start resting.
Your magical contamination has completely faded away.
You start resting.
Some of the chunks of flesh in your inventory have rotted away.
Magic restored.
You start resting.
Magic restored.
You start resting.
All of the chunks of flesh in your inventory have rotted away.
HP restored.
You are feeling hungry.
You open the door.
A dart slug comes into view.
There is an open door here.
The dart slug launches a dart at you. The slug dart misses you.
The dart slug bites you.
You hit the dart slug.
The dart slug is lightly wounded.
The dart slug misses you.
You hit the dart slug.
The dart slug is moderately wounded.
You hit the dart slug.
The dart slug is moderately wounded.
The dart slug bites you.
You hit the dart slug.
The dart slug is heavily wounded.
The dart slug bites you but does no damage.
You hit the dart slug.
The dart slug is severely wounded.
You hit the dart slug.
The dart slug is almost dead.
The dart slug barely misses you.
You hit the dart slug.
You kill the dart slug!
You have reached level 4!
You feel clever.
Your demonic ancestry asserts itself...
Your fingernails lengthen.
Are you sure you want to abandon this character and quit the game? (Confirm with "yes".)

######..#### #..##
#.#.### ##+### ...#....
#....# ###.#.#.# #....#
#..#.##. #....# #..#.)##
#....# #..##### #..@.#
#.#.##). #....+ #.##.##.
..#....########.##..#.
........'..............
....#....########.#####.
....#$...# #.# #. ...
#....# #.#####. ..
#..... #...)... #.....
########


There were no monsters in sight!

Vanquished Creatures
  4 adders
  An ooze (D:1)
  An adder skeleton (D:4)
  2 dart slugs
  A leopard gecko (D:1)
  2 orcs (D:4)
  A giant cockroach (D:1)
  A goblin (D:3)
  A hobgoblin (D:3)
  A kobold (D:3)
  A quokka (D:2)
  A ball python (D:3)
  A frilled lizard (D:4)
  2 rats (D:3)
20 creatures vanquished.

Notes
Turn   | Place    | Note
-------+----------+-------------------------------------------
     0 | D:1      | Amnesiac the Demonspawn Earth Elementalist began the quest for the Orb.
     0 | D:1      | Reached XP level 1. HP: 13/13 MP: 3/3
    93 | D:1      | Gained mutation: Your movements are slightly less encumbered by armour. (ER -2) [demonic ancestry]
    93 | D:1      | Reached XP level 2. HP: 9/19 MP: 0/5
   198 | D:1      | Learned a level 2 spell: Passwall
   289 | D:3      | Reached skill level 3 in Earth Magic
   476 | D:3      | Found a transporter.
   478 | D:3      | Noticed a centaur
   480 | D:3      | Found a glowing golden altar of the Shining One.
   480 | D:3      | Found a transporter.
   488 | D:3      | Reached XP level 3. HP: 24/24 MP: 4/6
   921 | D:4      | Gained mutation: You have sharp fingernails. [demonic ancestry]
   921 | D:4      | Reached XP level 4. HP: 23/30 MP: 7/7
   922 | D:4      | Quit the game

Vault maps used:
D:1:      dpeg_arrival_concentric_ovals, minmay_split_cup_large
D:2:      nemelex_xobeh_ov_fountains_minmay, nicolae_overflow_crystal_walls
D:3:      gammafunk_temple_overflow_arena, uniq_robin
D:4:      minmay_temple_entry_butterflies, minmay_cut_off, uniq_duvessa

Skill      XL: |  1  2 |
---------------+-------+-----
Stealth        | 2 |  2.0
Dodging        | 2 |  2.4
Earth Magic    | 3 |  3.6
Spellcasting   | |  2.5
Transmutations | |  0.8

Action                   |  1- 3 |  4- 6 || total
-------------------------+-------+-------++-------
Melee: Unarmed           |     6 |       ||     6
       Dagger            |    17 |       ||    17
 Cast: Sandblast         |    35 |       ||    35
Armor: Robe              |     8 |       ||     8
Dodge: Dodged            |    31 |       ||    31

Table legend:
 A = Spawn XP
 B = Non-spawn XP
 C = Spawn XP percentage of total XP
 D = Spawn monster count
 E = Non-spawn monster count
 F = Spawn count percentage of total count
 G = Total turns spent on level
                    A         B        C        D         E        F      G
               +---------+---------+-------+---------+---------+-------+---------
         Total |       0 |      97 |   0.0 |       0 |      20 |   0.0 |   922
               +---------+---------+-------+---------+---------+-------+---------
           D:1 |       0 |      12 |   0.0 |       0 |       3 |   0.0 |   241
           D:2 |       0 |       2 |   0.0 |       0 |       1 |   0.0 |    45
           D:3 |       0 |      27 |   0.0 |       0 |       8 |   0.0 |   217
           D:4 |       0 |      56 |   0.0 |       0 |       8 |   0.0 |   419
               +---------+---------+-------+---------+---------+-------+---------
